 Dungeon Crawl Stone Soup version 0.31-a0-881-ge136f0c47a (webtiles) character file.

Game seed: 7654488579088668316

11426 Dirtsage the Grappler (level 11, -8/63 HPs)
             Began as an Octopode Shapeshifter on Oct 14, 2023.
             Was a Priest of Wu Jian.
             Mangled by a vampire (10 damage)
             ... on level 10 of the Dungeon on Oct 15, 2023.
             The game lasted 00:18:28 (11129 turns).

Dirtsage the Grappler (Octopode Shapeshifter)      Turns: 11129, Time: 00:18:28

Health: -8/63      AC:  1    Str: 17    XL:     11   Next: 77%
Magic:  0/11       EV: 18    Int: 13    God:    Wu Jian [***...]
Gold:   658        SH:  0    Dex: 12    Spells: 10/10 levels left

rFire   . .          .
                       - Unarmed
rCold   . . .        (no shield)
rNeg    . . .        (helmet currently unavailable)
rPois   .            d - amulet of guardian spirit
rElec   .            e - +5 ring of evasion
rCorr   +            C - ring of resist corrosion
SInv    .            W - ring of wizardry
Will    .....        (no ring)
Stlth   ++           (no ring)
HPRegen 0.30/turn    (no ring)
MPRegen 0.12/turn    (no ring)
                     (no ring)

%: guardian spirit, wizardry (x1)
@: beast-form
A: beast (slay +4), almost no armour, amphibious, 8 rings, camouflage 1,
gelatinous body 1, (nimble swimmer 1), tentacles
a: Begin Untransformation, Renounce Religion, Wall Jump, Serpent's Lash


You were on level 10 of the Dungeon.
You worshipped Wu Jian.
Wu Jian was most pleased with you.
You were a hulking beast.
You visited 2 branches of the dungeon, and saw 11 of its levels.
You also visited: Bailey.

You collected 658 gold pieces.

Inventory:

Missiles
 L - 2 curare-tipped darts
Armour
 O - a +1 hat
Magical Staves
 u - a staff of poison
 y - a staff of conjuration
 P - a staff of death
Jewellery
 d - an amulet of guardian spirit (around mantle)
 e - a +5 ring of evasion (left tentacle)
 n - a ring of ice
 C - a ring of resist corrosion (right tentacle)
 W - a ring of wizardry (on tentacle)
Talismans
 b - a beast talisman (active)
 c - a flux talisman
Wands
 w - a wand of iceblast (5)
 x - a wand of flame (20)
 H - a wand of polymorph (13)
 I - a wand of acid (7)
 Q - a wand of mindburst (4)
Scrolls
 g - 3 scrolls of fear
 h - 2 scrolls of enchant weapon {unknown}
 i - 5 scrolls of identify
 j - 3 scrolls of poison {unknown}
 k - 4 scrolls of immolation {unknown}
 l - 4 scrolls of teleportation {unknown}
 o - a scroll of summoning {unknown}
 t - a scroll of blinking {unknown}
 B - 2 scrolls of enchant armour {unknown}
 D - 2 scrolls of revelation {unknown}
 E - a scroll of acquirement {unknown}
 F - a scroll of fog {unknown}
 G - a scroll of amnesia {unknown}
 J - a scroll of vulnerability {unknown}
 K - a scroll of noise {unknown}
Potions
 a - 6 potions of lignification
 f - 3 potions of berserk rage {unknown}
 m - 4 potions of mutation
 p - 2 potions of invisibility {unknown}
 q - 6 potions of curing
 r - 4 potions of might {unknown}
 s - 3 potions of resistance {unknown}
 v - 2 potions of enlightenment {unknown}
 z - 2 potions of heal wounds {unknown}
 A - 4 potions of haste {unknown}
 M - a potion of magic {unknown}
 N - 2 potions of brilliance {unknown}


   Skills:
 - Level 1.0 Fighting
 - Level 2.0 Dodging
 * Level 13.3 Unarmed Combat
 * Level 12.3 Shapeshifting


You had 10 spell levels left.
You didn't know any spells.
Your spell library contained the following spells:

 Spells                   Type           Power      Damage    Failure   Level
 Sting                    Tmut/Pois      0%         1d3       12%         1
 Summon Small Mammal      Summ           0%         N/A       12%         1
 Poisonous Vapours        Pois/Air       0%         N/A       19%         2
 Call Canine Familiar     Summ           0%         N/A       34%         3
 Inner Flame              Hex/Fire       0%         N/A       34%         3
 Summon Guardian Golem    Hex/Summ       0%         N/A       34%         3
 Flame Wave               Conj/Fire      0%         2d4       73%         4
 Olgreb's Toxic Radiance  Pois           0%         N/A       73%         4
 Sticky Flame             Conj/Fire      0%         2d3       73%         4


Dungeon Overview and Level Annotations

Branches:
Dungeon (10/15)            Temple (1/1) D:5            Lair (0/5) D:10
    Orc (0/2) D:9          Bailey (visited)

Altars:
Ashenzari
Cheibriados
Dithmenos
Elyvilon
Fedhas
Gozag
Hepliaklqana
Kikubaaqudgha
Makhleb
Nemelex Xobeh
Okawaru
Qazlal
Ru
Sif Muna
Trog
Vehumet
Wu Jian
Xom
Yredelemnul
Zin
The Shining One

Shops:
D:6 *

Annotations:
D:8 3 runed translucent doors, bmj180's ghost, novice HuCj
D:9 Karim's ghost, journeyman GnDe


Innate Abilities, Weirdness & Mutations

You are a hulking beast.
Your limbs bulge with bestial killing power. (Slay +4)
You cannot wear most types of armour.
You are amphibious.
You can wear up to eight rings at the same time.
Your skin changes colour to match your surroundings (Stealth+).
Your rubbery body absorbs attacks. (AC +1, EV +1)
((You are camouflaged when in or above water. (Stealth+)))
You have tentacles for arms and can constrict up to eight enemies at once.


Message History

You take 10 damage, and have 49/63 hp.
You now have 8/11 mp.
You completely miss the yak. You squeeze the yak, but do no damage.
The yak is almost dead.
The yak misses you.
You bludgeon the yak!
You kill the yak!
The Council accepts your kill.
You swing at nothing.
You bludgeon the yak! You tentacle-slap the yak.
The yak is heavily wounded.
The yak closely misses you.
You bludgeon the yak! You squeeze the yak.
The yak is almost dead.
The yak gores you!!
You take 16 damage, and have 34/63 hp.
MASSIVE DAMAGE!!
You now have 6/11 mp.
You barely miss the yak.
The yak is almost dead.
The yak gores you.
The vampire gestures wildly while chanting.
The vampire flickers and vanishes!
Deactivating autopickup; reactivate with Ctrl-A.
You take 4 damage, and have 30/63 hp.
You tentacle-slap the yak. x2
The yak is almost dead.
You bludgeon the yak!
You kill the yak!
The Council accepts your kill.
You tentacle-slap something. Something hits you! Something bites you!
* * * LOW HITPOINT WARNING * * *
Something draws strength from your injuries!
You take 18 damage, and have 13/63 hp.
MASSIVE DAMAGE!!
You now have 3/11 mp.
You barely miss something. You barely miss something. Something hits you.
* * * LOW HITPOINT WARNING * * *
Something bites you!
* * * LOW HITPOINT WARNING * * *
Something draws strength from your injuries!
You take 12 damage, and have 1/63 hp.
You now have 1/11 mp.
You bludgeon something! Something hits you!
You die...

#..# #..# #..#
#..#
..#########..#
.....Z{h.##..#
...#####.##..#
#.....# #..#.##
#..#.# #..#.# #
########..#.#
#....)......#.#
##.##
######.#.#


You could see a centaur warrior zombie.

Vanquished Creatures
  3 two-headed ogres
  Pikel (D:6)
  Maggie (D:6)
  3 spriggans (Bailey)
  2 wyverns (D:9)
  3 shadows
  11 yaks
  A steam dragon (D:5)
  Menkaure (D:5)
  Edmund (D:5)
  2 acid dragons
  6 water moccasins
  A sky beast (D:7)
  4 black bears
  2 orc warriors
  5 ogres
  6 centaurs
  A lemure (D:6)
  2 kobold brigands
  2 phantoms
  Blork the orc (D:4)
  11 bullfrogs
  8 scorpions
  A wyvern zombie (D:8)
  5 wights (D:9)
  6 killer bees
  3 howler monkeys
  6 hounds
  2 jellies
  5 orc priests
  Jessica (D:2)
  3 sleepcaps
  Natasha (D:3)
  8 iguanas
  5 orc wizards
  A killer bee zombie (D:8)
  Robin (D:3)
  8 gnolls
  9 adders
  A white imp (D:6)
  3 ufetubi (D:5)
  3 worms
  4 dart slugs
  41 orcs
  8 ball pythons
  9 bats
  8 endoplasms
  A giant cockroach (D:4)
  11 goblins
  9 hobgoblins
  10 jackals
  3 quokkas
  5 frilled lizards
  15 kobolds
  4 rats
278 creatures vanquished.

Notes
Turn   | Place    | Note
-------+----------+-------------------------------------------
     0 | D:1      | Dirtsage the Octopode Shapeshifter began the quest for the
                  | Orb.
     0 | D:1      | Reached XP level 1. HP: 13/13 MP: 1/1
   138 | D:1      | Reached XP level 2. HP: 16/18 MP: 2/2
   505 | D:1      | Reached XP level 3. HP: 11/23 MP: 3/3
   974 | D:2      | Noticed Jessica
   983 | D:2      | Killed Jessica
   984 | D:2      | Reached skill level 4 in Unarmed Combat
   984 | D:2      | Reached XP level 4. HP: 6/28 MP: 4/4
  2028 | D:3      | Reached XP level 5. HP: 31/33 MP: 3/5
  2325 | D:3      | Found a faded altar of an unknown god.
  2326 | D:3      | Noticed a golden eye
  2327 | D:3      | Noticed a shining eye
  2333 | D:3      | Noticed a floating eye
  2336 | D:3      | Noticed a shining eye
  2357 | D:3      | Noticed Natasha
  2373 | D:3      | Killed Natasha
  2409 | D:3      | Noticed Robin
  2423 | D:3      | Killed Robin
  2915 | D:4      | Reached skill level 5 in Unarmed Combat
  2915 | D:4      | Reached XP level 6. HP: 34/38 MP: 4/6
  3056 | D:4      | Reached skill level 5 in Shapeshifting
  3409 | D:4      | Noticed Blork the orc
  3416 | D:4      | Killed Blork the orc
  3417 | D:4      | Reached XP level 7. HP: 35/43 MP: 5/7
  3535 | D:4      | Reached skill level 6 in Unarmed Combat
  3861 | D:5      | Entered Level 5 of the Dungeon
  3870 | D:5      | Noticed a steam dragon
  4090 | D:5      | Noticed Edmund
  4099 | D:5      | Killed Edmund
  4135 | D:5      | Found a bloodstained altar of Trog.
  4174 | D:5      | Reached XP level 8. HP: 45/48 MP: 6/8
  4264 | D:5      | Noticed Menkaure
  4269 | D:5      | Reached skill level 7 in Unarmed Combat
  4273 | D:5      | Killed Menkaure
  4279 | D:5      | Upgraded the game from 0.31-a0-879-g1609e0ac53 to
                  | 0.31-a0-881-ge136f0c47a
  5041 | D:5      | Found a staircase to the Ecumenical Temple.
  5053 | Temple   | Entered the Ecumenical Temple
  5062 | Temple   | Became a worshipper of the Wu Jian Council
  5157 | D:5      | Reached skill level 8 in Unarmed Combat
  5401 | D:6      | Found Zin's Purification Station.
  5406 | D:6      | Found a glowing silver altar of Zin.
  5420 | D:6      | Noticed Pikel
  5461 | D:6      | Killed Pikel
  5462 | D:6      | Reached skill level 9 in Unarmed Combat
  5462 | D:6      | Reached XP level 9. HP: 21/53 MP: 4/9
  5592 | D:6      | Found a blossoming altar of Fedhas.
  5595 | D:6      | Found a stormy altar of Qazlal.
  5975 | D:6      | Noticed Maggie
  5981 | D:6      | Killed Maggie
  6135 | D:6      | Reached skill level 10 in Unarmed Combat
  6781 | D:7      | Reached XP level 10. HP: 53/58 MP: 8/10
  7095 | D:7      | Reached * piety under Wu Jian
  7219 | D:7      | Reached skill level 10 in Shapeshifting
  7598 | D:7      | Reached skill level 11 in Unarmed Combat
  7899 | D:8      | Noticed a two-headed ogre
  7906 | D:8      | Killed a two-headed ogre
  8045 | D:8      | Found a flagged portal.
  8056 | Bailey   | Entered a bailey
  8179 | Bailey   | Noticed a two-headed ogre
  8236 | Bailey   | Killed a two-headed ogre
  8237 | Bailey   | Reached skill level 12 in Unarmed Combat
  8237 | Bailey   | Reached XP level 11. HP: 14/63 MP: 2/11
  8333 | Bailey   | Identified the +10 flail "Aryg" {freeze, Will+}
  8336 | Bailey   | Reached ** piety under Wu Jian
  8410 | Bailey   | Identified the +5 hand axe of the Realm of Zot {protect,
                  | Will+ Stlth+}
  8898 | D:8      | Found a runed translucent gate.
  8898 | D:8      | Found a runed translucent gate.
  8898 | D:8      | Found a runed translucent gate.
  8898 | D:8      | Noticed bmj180's ghost (novice HuCj)
  8901 | D:8      | Found a basalt altar of Yredelemnul.
  9531 | D:9      | Noticed a manticore
  9532 | D:9      | Noticed Karim's ghost (journeyman GnDe)
  9536 | D:9      | Noticed a moth of wrath
  9547 | D:9      | Found a transporter.
  9583 | D:9      | Found a transporter.
  9604 | D:9      | HP: 1/63 [wyvern (10)]
 10122 | D:9      | Noticed a two-headed ogre
 10133 | D:9      | Killed a two-headed ogre
 10417 | D:9      | Found a staircase to the Orcish Mines.
 10641 | D:10     | Entered Level 10 of the Dungeon
 10678 | D:10     | Reached *** piety under Wu Jian
 10751 | D:10     | Reached skill level 13 in Unarmed Combat
 10823 | D:10     | Found a staircase to the Lair.
 11058 | D:10     | Found a white marble altar of Elyvilon.
 11128 | D:10     | HP: 1/63 [something (10)]
 11129 | D:10     | Mangled by a vampire

Illustrated notes

Levels and vault maps discovered:
D:1:      wander_arrival_desolate, layout_loops_ring, minivault_26
D:2:      layout_basic, uniq_jessica
D:3:      layout_loops_cross, serial_co_window_serial, co_window_corner_a,
          co_window_paths_a, co_window_of_opportunity_a, co_window_paths_a,
          co_window_paths_a, co_window_cross_3, co_window_corner_b,
          co_window_corner_ca, co_window_of_opportunity_b, co_window_4corner_b,
          glass_columns_c, glass_columns_a,
          hellmonk_ecumenical_altar_watching_god, skrybe_limestone_x,
          amcnicky_mini_pool_small, uniq_robin, uniq_natasha
D:4:      layout_loops_ring, serial_co_window_serial, co_window_paths_b,
          co_window_corner_a, co_window_paths_a, co_window_of_opportunity_a,
          co_window_of_opportunity_a, co_window_2corner, co_window_corner_ca,
          co_window_corner_cb, co_window_broadway_b, co_window_cross_3,
          glass_columns_c, glass_columns_c, glass_columns_b, glass_columns_a,
          uniq_blork_the_orc
D:5:      minmay_chambers_of_threes, layout_loops_ring,
          mainiacjoe_overflow_24_doors, temple_hall, grunt_ministairs_10,
          minmay_crossroads, uniq_menkaure, uniq_edmund
D:6:      layout_basic, grunt_temple_overflow_forces_of_nature, zin_purify,
          minmay_increasing_density, uniq_maggie, uniq_pikel
D:7:      layout_loops_corners
D:8:      layout_cave_pools, nicolae_yredelemnul_ghost_church, enter_bailey_6,
          minmay_liquid_box
D:9:      layout_loops_corners, hiddenorc1_lemuel,
          gammafunk_ghost_berserking_beasts
D:10:     layout_loops_ring, nicolae_uskayaw_suspiria, elyvilon_altar_4,
          due_lair_maze_entry_diamond, serial_undead, serial_undead_b,
          serial_undead_f, serial_undead_b, serial_undead_d
Temple:   nicolae_temple_no_exploring_needed

Skill      XL: |  1  2  3  4  5  6  7  8  9 10 11 |
---------------+----------------------------------+-----
Unarmed Combat | 4 5 6 9 10 12 13 | 13.3
Shapeshifting  | 4 5 6 8 9 11 12 | 12.3
Fighting       | |  1.0
Dodging        | |  2.0

Action                     |  1- 3 |  4- 6 |  7- 9 | 10-12 || total
---------------------------+-------+-------+-------+-------++-------
  Melee: Unarmed           |    52 |   133 |   176 |   287 ||   648
         Constrict         |    12 |    40 |    50 |    42 ||   144
         Tentacles         |    11 |    27 |    52 |    53 ||   143
         Punch             |     1 |     2 |    10 |    29 ||    42
  Throw: Dart              |       |       |       |     1 ||     1
Ability: Lunge             |       |       |     5 |    30 ||    35
         Whirlwind         |       |       |       |     8 ||     8
  Evoke: Wand              |       |     1 |     4 |     6 ||    11
    Use: Scroll            |       |     1 |       |     2 ||     3
         Potion            |       |       |       |     2 ||     2
   Stab: Sleeping          |     4 |     9 |     4 |     5 ||    22
         Distracted        |       |       |       |     1 ||     1
 Armour: Skin              |    18 |    50 |    54 |   166 ||   288
  Dodge: Dodged            |    35 |    78 |   101 |   158 ||   372

Table legend: (Time is in decaauts)
 A = Elapsed time spent in this place.
 B = Non-inter-level travel time spent in this place.
 C = Inter-level travel time spent in this place.
 D = Time resting spent in this place.
 E = Time spent auto-exploring this place.
 F = Levels seen in this place.
 G = Mean time per level.
                   A        B        C        D        E       F      G
               +--------+--------+--------+--------+--------+-----+--------+
         Total |  11028 |  10720 |    308 |     53 |   8988 |  12 |  919.0 |
       Dungeon |  10617 |  10315 |    302 |     53 |   8670 |  10 | 1061.7 |
        Temple |     16 |     10 |      6 |      0 |      0 |   1 |   16.0 |
        Bailey |    394 |    394 |      0 |      0 |    318 |   1 |  394.0 |
               +--------+--------+--------+--------+--------+-----+--------+

Top non-repeatable levels by time:
     D:9: 1540 daAuts
     D:5: 1427 daAuts
     D:7: 1277 daAuts
     D:6: 1202 daAuts
     D:3: 1196 daAuts
     D:4: 1018 daAuts
     D:2: 962 daAuts
     D:8: 798 daAuts
     D:1: 722 daAuts
    D:10: 471 daAuts
  Bailey: 394 daAuts
  Temple: 16 daAuts
